 Dungeon Crawl Stone Soup version 0.24.1-14-gf8d2b509d9 (webtiles) character file.

Game seed: 8075442973657256336, levelgen mode: deterministic

336 cheechan the Charmwright (level 6, -10/42 HPs)
             Began as an Octopode Skald on Oct 19, 2021.
             Mangled by cstieg1's ghost (15 damage)
             ... on level 4 of the Dungeon.
             The game lasted 00:15:56 (3972 turns).

cheechan the Charmwright (Octopode Skald)           Turns: 3972, Time: 00:15:57

Health: -10/42     AC:  1    Str: 11      XL:     6   Next: 54%
Magic:  8/9        EV: 14    Int: 15      God:
Gold:   117        SH:  0    Dex:  8 (13) Spells: 6/9 levels left

rFire    . . .     SeeInvis .   g - +2 short sword (venom)
rCold    . . .     Gourm    .   (no shield)
rNeg     . . .     Faith    .   (helmet restricted)
rPois    .         Spirit   .   j - amulet of the acrobat
rElec    .         Reflect  .   (no ring)
rCorr    .         Harm     .   (no ring)
MR       .....                  (no ring)
Stlth    +++.......             (no ring)
HPRegen  0.14/turn              (no ring)
MPRegen  0.11/turn              (no ring)
                                (no ring)
                                (no ring)

@: shrouded (expiring)
A: almost no armour, stealthy swim, amphibious, 8 rings, constrict 8, camouflage
1, gelatinous body 1
a: no special abilities


You were on level 4 of the Dungeon.
You were not hungry.

You visited 1 branch of the dungeon, and saw 4 of its levels.

You collected 117 gold pieces.

Inventory:

Hand Weapons
 a - a +0 short sword
 g - a +2 short sword of venom (weapon)
 k - a -2 short sword
Missiles
 e - 113 stones
 h - 49 arrows
 l - 7 javelins
 n - 7 curare-tipped darts
 o - 5 silver boomerangs (quivered)
Armour
 m - a scarf of spirit shield
Jewellery
 j - an amulet of the acrobat (around mantle)
Scrolls
 p - a scroll of enchant armour {unknown}
Potions
 b - 2 potions of agility
 d - a potion of curing {unknown}
 f - 3 potions of lignification {unknown}
 i - a potion of heal wounds {unknown}
Comestibles
 c - a ration


   Skills:
 + Level 3.2 Fighting
 + Level 3.5 Short Blades
 + Level 3.6 Dodging
 + Level 3.6 Stealth
 + Level 2.4 Spellcasting
 + Level 3.9 Charms


You had 6 spell levels left.
You knew the following spells:

 Your Spells              Type           Power        Failure   Level  Hunger
a - Infusion              Chrm           ##..         4%          1    #......
b - Shroud of Golubria    Chrm/Tloc      #.....       14%         2    ###....

Your spell library contained the following spells:

 Spells                   Type           Power        Failure   Level  Hunger
 Song of Slaying          Chrm           ##......     6%          2    ###....
 Regeneration             Chrm/Necr      #.........   28%         3    ###....
 Spectral Weapon          Hex/Chrm       #.......     28%         3    ###....


Dungeon Overview and Level Annotations

Branches:
Dungeon (4/15)
 Temple: D:4-7

Altars:

Annotations:
D:4 cstieg1's ghost, novice NaGl


Innate Abilities, Weirdness & Mutations

You cannot wear most types of armour.
You are very stealthy in the water. (Stealth+)
You are amphibious.
You can wear up to eight rings at the same time.
You can use your tentacles to constrict eight enemies at once.
Your skin changes colour to match your surroundings (Stealth+).
Your rubbery body absorbs attacks. (AC +1, EV +1)


Message History

There is a transporter here.
You enter the transporter and appear at another place.
Cstieg1's ghost hits you.
* * * LOW HITPOINT WARNING * * *
Okay, then.
Okay, then.
Okay, then.
Casting: Infusion (safe; 4% risk of failure)
Confirm with . or Enter, or press ? or * to list all spells.
Space distorts slightly along a thin shroud covering your body.
Cstieg1's ghost closely misses you.
You can't go up here!
You can't go down here!
Cstieg1's ghost closely misses you.
Found 25 arrows and 12 gold pieces.
Your shroud begins to fray at the edges.
You hit cstieg1's ghost. You squeeze cstieg1's ghost.
Cstieg1's ghost is lightly damaged.
Cstieg1's ghost hits you!
You die...

#.##.##.# ##.#.##.#.#
#...#...# ##.#.##.#.
##.#...#.####### ##.#.##.#
#..#####.#.....# ##.#.##.
#.## #.#....$# ##.#.##
##.######.#.....# ##.#.#
#.........#.....# ##...
#..######.#.....# ##..
#..#####..W@....# ###
##.##.....###....# #########
#..#..#####.##...###.......#
#....##(.....#....##.......#
#...##....#..##...##.......#
#...#...#...#.#...##.......#
#...##..##.#. #...'........#
#...©#.#...#.##...#........##
#.#.##.....#?#....#........÷.


You could see cstieg1's ghost.

Vanquished Creatures
  3 quasits (D:4)
  A hound (D:4)
  A centaur skeleton (D:3)
  2 worker ants (D:4)
  A gnoll (D:1)
  5 adders
  3 worms
  2 dart slugs
  2 leopard geckos (D:2)
  5 orcs (D:3)
  4 bats
  8 giant cockroaches
  2 goblins
  5 hobgoblins
  2 quokkas (D:2)
  3 ball pythons
  5 frilled lizards
  A jackal skeleton (D:4)
  13 kobolds
  6 rats
74 creatures vanquished.

Notes
Turn   | Place    | Note
-------+----------+-------------------------------------------
     0 | D:1      | cheechan the Octopode Skald began the quest for the Orb.
     0 | D:1      | Reached XP level 1. HP: 14/14 MP: 3/3
   252 | D:1      | Reached XP level 2. HP: 8/19 MP: 5/5
   696 | D:1      | Learned a level 2 spell: Shroud of Golubria
  1259 | D:2      | Reached XP level 3. HP: 23/24 MP: 6/6
  2024 | D:2      | Reached XP level 4. HP: 29/29 MP: 7/7
  2413 | D:3      | Reached skill level 1 in Stealth
  2878 | D:3      | Reached XP level 5. HP: 35/35 MP: 8/8
  3589 | D:4      | Found a transporter.
  3594 | D:4      | Noticed cstieg1's ghost (novice NaGl)
  3746 | D:4      | Reached XP level 6. HP: 33/42 MP: 9/9
  3925 | D:4      | Found a transporter.
  3972 | D:4      | Mangled by cstieg1's ghost

Levels and vault maps discovered:
D:1:      ncdulo_lavacross, layout_loops_corners, minmay_misc_feat_more_columns
D:2:      lemuel_upstairs_altar, layout_basic
D:3:      layout_loops_corners, first_ration
D:4:      minmay_inner_zag, layout_basic, gammafunk_ghost_stat_death,
          grunt_decor_one_mirror, trog_book

Skill      XL: |  1  2  3  4  5 |
---------------+----------------+-----
Dodging        | 3 |  3.6
Stealth        | 1 3 |  3.6
Short Blades   | 3 |  3.5
Fighting       | 3 |  3.2
Spellcasting   | |  2.4
Charms         | |  3.9

Action                   |  1- 3 |  4- 6 || total
-------------------------+-------+-------++-------
Melee: Short sword       |    64 |   102 ||   166
       Constrict         |    16 |    22 ||    38
       Tentacles         |     8 |    16 ||    24
 Cast: Infusion          |     1 |     1 ||     2
       Shroud of Golubri |       |     1 ||     1
  Use: Scroll            |     1 |     5 ||     6
 Stab: Sleeping          |     1 |     8 ||     9
  Eat: Ration            |     1 |     2 ||     3
Armor: Skin              |     3 |    11 ||    14
Dodge: Dodged            |    44 |    98 ||   142
